 Dungeon Crawl Stone Soup version 0.29-a0-418-gc0181ea820 (webtiles) character file.

Game seed: 18189115385549729240

116 freelancePsychic the Firebug (level 4, -2/52 HPs)
             Began as a Demonspawn Cinder Acolyte on May 18, 2022.
             Was a High Priest of Ignis.
             Succumbed to an orc wizard's poison
             ... on level 3 of the Dungeon.
             The game lasted 00:06:46 (4167 turns).

freelancePsychic the Firebug (DsCA)                 Turns: 4167, Time: 00:06:46

Health: -2/52      AC:  6    Str: 12 (14) XL:     4   Next: 70%
Magic:  2/7        EV: 10    Int: 14 (17) God:    Ignis [*****.]
Gold:   164        SH:  0    Dex:  8 (9)  Spells: 5/7 levels left

rFire   + . .      SeeInvis .   a - -1 mace (flame)
rCold   . . .      Faith    .   (no shield)
rNeg    . . .      Spirit   .   f - +0 leather armour
rPois   .          Reflect  .   j - +0 helmet
rElec   .          Harm     .   (no cloak)
rCorr   .          Rampage  .   (no gloves)
Will    .....                   m - +1 pair of boots
Stlth   ..........              (no amulet)
HPRegen 0.17/turn               (no ring)
MPRegen 0.10/turn               (no ring)

@: berserking, lethally poisoned (-2 -> -33), hasted, very quick
A: ignite blood 1, powered by pain 1
a: Renounce Religion, Fiery Armour, Foxfire Swarm, Rising Flame


You were on level 3 of the Dungeon.
You worshipped Ignis.
Ignis was extremely pleased with you.
You visited 1 branch of the dungeon, and saw 3 of its levels.

You collected 164 gold pieces.

Inventory:

Hand Weapons
 a - a -1 mace of flaming (weapon)
Armour
 b - a +0 robe
 f - a +0 leather armour (worn)
 j - a +0 helmet (worn)
 m - a +1 pair of boots (worn)
Magical Staves
 p - a staff of earth
Scrolls
 c - 2 scrolls of blinking
 g - a scroll of vulnerability
 h - a scroll of silence
 i - a scroll of magic mapping
 o - a scroll of amnesia
 r - 2 scrolls of teleportation {@r4}
Potions
 k - a potion of ambrosia {unknown}
 l - a potion of flight


   Skills:
 + Level 3.4 Fighting
 - Level 2.6 Maces & Flails
 + Level 2.3 Spellcasting
 - Level 3.6 Fire Magic
 * Level 1.5 Ice Magic


You had 5 spell levels left.
You knew the following spells:

 Your Spells              Type           Power      Damage    Failure   Level
b - Scorch                Fire           22%        2d6       10%         2

Your spell library contained the following spells:

 Spells                   Type           Power      Damage    Failure   Level
 Freeze                   Ice            24%        1d5       16%         1
 Apportation              Tloc           2%         N/A       28%         1
 Magic Dart               Conj           4%         1d3       28%         1
 Searing Ray              Conj           2%         2d4       41%         2
 Sublimation of Blood     Necr           1%         N/A       41%         2
 Frozen Ramparts          Ice            12%        1d3       43%         3
 Hailstorm                Conj/Ice       3%         3d3       91%         4
 Ice Form                 Ice/Tmut       3%         N/A       91%         4
 Summon Ice Beast         Ice/Summ       3%         N/A       91%         4
 Fulminant Prism          Conj/Hex       0%         3d6       96%         4
 Petrify                  Tmut/Erth      1%         N/A       96%         4
 Alistair's Intoxication  Tmut/Pois      0%         N/A       100%        5
 Borgnjor's Vile Clutch   Necr/Erth      0%         N/A       100%        5
 Irradiate                Conj/Tmut      0%         3d13      100%        5
 Eringya's Noxious Bog    Tmut/Pois      0%         N/A       100%        6


Dungeon Overview and Level Annotations

Branches:
Dungeon (3/15)

Altars:


Innate Abilities, Weirdness & Mutations

Your demonic aura sometimes causes spilled blood to erupt in flames.
You sometimes gain a little power by taking damage.


Message History

The orc wizard hits you with a +2 dagger of venom.
You are more poisoned.
You closely miss the orc wizard.
The orc wizard is lightly wounded.
You feel very sick.
The orc wizard gestures at you while chanting.
The magic dart hits you.
You barely miss the orc wizard.
The orc wizard is lightly wounded.
You feel very sick. The orc wizard barely misses you.
You hit the orc wizard but do no damage.
The orc wizard is lightly wounded.
You feel very sick.
The orc wizard is no longer more vulnerable to fire.
The orc wizard gestures wildly while chanting.
The orc wizard flickers and vanishes!
Deactivating autopickup; reactivate with Ctrl-A.
You barely miss something.
You feel sick. Something hits you.
Your magical contamination has completely faded away.
You miss something.
* * * LOW HITPOINT WARNING * * *
You feel sick.
You closely miss something.
* * * LOW HITPOINT WARNING * * *
You feel sick. Something hits you but does no damage.
You miss something.
* * * LOW HITPOINT WARNING * * *
You feel sick. Something hits you but does no damage.
You are more poisoned.
It was a potion of berserk rage.
A red film seems to cover your vision as you go berserk!
You feel yourself moving faster!
You feel mighty!
* * * LOW HITPOINT WARNING * * *
You feel very sick. Something hits you.
* * * LOW HITPOINT WARNING * * *
You are more poisoned.
You thump something! You burn something.
You die...

..§≈.§≈...≈##.# ##.## #.....#.#.
..≈...≈...§##.###...#####...##.#.
.#..#..#..≈##<##.#.............#.
..≈.(.≈...≈##.###.#.######.#####.
..≈≈.≈≈...§##.# ##.## #.# #.
....#...§§≈##.###### ##+## #.
≈.......≈≈≈##....# ##...## ##
§§.....§§≈≈#####.# ##.....##
§§≈§§§≈≈≈≈§# ##@## ##.......##
####'##########{..####.........##
.....................'.........'.
....###########...####.........##
.#.## ##.## ##.......## .### #..#
##.....## .# ##.# ##...## .# #.#
#####'##### .# #.# #.........#


There were no monsters in sight!

Vanquished Creatures
  Robin (D:2)
  An adder (D:3)
  A worm (D:2)
  A dart slug (D:2)
  An orc (D:3)
  5 ball pythons
  8 endoplasms
  4 giant cockroaches
  15 goblins
  10 hobgoblins
  3 jackals (D:1)
  12 kobolds
  A quokka (D:1)
  6 bats
  6 frilled lizards
  9 rats
84 creatures vanquished.

Vanquished Creatures (others)
  2 withered plants (D:1)
2 creatures vanquished.

Grand Total: 86 creatures vanquished

Notes
Turn   | Place    | Note
-------+----------+-------------------------------------------
     0 | D:1      | freelancePsychic the Demonspawn Cinder Acolyte began the
                  | quest for the Orb.
     0 | D:1      | Reached XP level 1. HP: 18/18 MP: 2/2
   434 | D:1      | Gained mutation: Your demonic aura sometimes causes spilled
                  | blood to erupt in flames. [demonic ancestry]
   434 | D:1      | Reached XP level 2. HP: 10/24 MP: 3/3
   616 | D:1      | Learned a level 2 spell: Scorch
  1171 | D:1      | Found a faded altar of an unknown god.
  1321 | D:1      | Reached XP level 3. HP: 29/29 MP: 2/5
  2343 | D:2      | Noticed Robin
  2356 | D:2      | Gained mutation: You sometimes gain a little power by
                  | taking damage. [demonic ancestry]
  2356 | D:2      | Reached XP level 4. HP: 35/35 MP: 7/7
  2358 | D:2      | Killed Robin
  2359 | D:2      | Reached skill level 1 in Ice Magic
  4167 | D:3      | Succumbed to an orc wizard's poison

Illustrated notes

Levels and vault maps discovered:
D:1:      eino_arrival_tree_alley, layout_rooms,
          ebering_ecumenical_altar_petrified, hangedman_decor_peaks_small,
          minmay_quantized
D:2:      layout_rooms, kennysheep_nub, uniq_robin
D:3:      layout_loops_corners, corexii_corridor_pit, kennysheep_generic_room_2

Skill      XL: |  1  2  3  4 |
---------------+-------------+-----
Fire Magic     | 3 |  3.6
Spellcasting   | 2 |  2.3
Ice Magic      | 1 |  1.5
Fighting       | |  3.4
Maces & Flails | |  2.6

Action                   |  1- 3 |  4- 6 || total
-------------------------+-------+-------++-------
Melee: Mace              |    96 |    46 ||   142
 Cast: Scorch            |    33 |    18 ||    51
Invok: Fiery Armour      |     2 |     1 ||     3
  Use: Scroll            |     3 |     4 ||     7
       Potion            |       |     8 ||     8
Armor: Robe              |     7 |       ||     7
       Leather armour    |    18 |    41 ||    59
Dodge: Dodged            |    64 |    30 ||    94

Table legend: (Time is in decaauts)
 A = Elapsed time spent in this place.
 B = Non-inter-level travel time spent in this place.
 C = Inter-level travel time spent in this place.
 D = Time resting spent in this place.
 E = Time spent auto-exploring this place.
 F = Levels seen in this place.
 G = Mean time per level.
                   A        B        C        D        E       F      G
               +--------+--------+--------+--------+--------+-----+--------+
         Total |   4185 |   4085 |    100 |    399 |   3078 |   3 | 1395.0 |
       Dungeon |   4185 |   4085 |    100 |    399 |   3078 |   3 | 1395.0 |
               +--------+--------+--------+--------+--------+-----+--------+

Top non-repeatable levels by time:
     D:1: 1708 daAuts
     D:2: 1334 daAuts
     D:3: 1141 daAuts
